 Dungeon Crawl Stone Soup version 0.26-a0-849-gf1512cd430 (webtiles) character file.

Game seed: 11444689492988485680

98 Ijustatesigmund the Shield-Bearer (level 4, -24/31 HPs)
             Began as an Octopode Fighter on Nov 20, 2020.
             Annihilated by an ogre
             ... wielding a +0 giant club
              (28 damage)
             ... on level 4 of the Dungeon.
             The game lasted 00:04:19 (2846 turns).

Ijustatesigmund the Shield-Bearer (OpFi)            Turns: 2846, Time: 00:04:20

Health: -24/31     AC:  1    Str: 15    XL:     4   Next: 71%
Magic:  4/4        EV: 12    Int: 11    God:
Gold:   111        SH:  9    Dex: 11    Spells: 2/3 levels left

rFire    . . .     SeeInvis .   a - +0 war axe
rCold    . . .     Faith    .   b - +1 kite shield
rNeg     . . .     Spirit   .   (helmet restricted)
rPois    .         Reflect  .   (no amulet)
rElec    .         Harm     .   (no ring)
rCorr    .         Rampage  .   (no ring)
MR       .....                  (no ring)
Stlth    +++.......             (no ring)
HPRegen  0.10/turn              (no ring)
MPRegen  0.09/turn              (no ring)
                                (no ring)
                                (no ring)

@: mighty
A: almost no armour, stealthy swim, amphibious, 8 rings, constrict 8, camouflage
1, gelatinous body 1
a: no special abilities


You were on level 4 of the Dungeon.
You visited 1 branch of the dungeon, and saw 4 of its levels.

You collected 111 gold pieces.

Inventory:

Hand Weapons
 a - a +0 war axe (weapon)
Missiles
 h - 15 poisoned darts (quivered)
 i - 2 javelins
Armour
 b - a +1 kite shield (worn)
Jewellery
 g - an uncursed ring of teleportation
Potions
 d - a potion of flight
 e - a potion of resistance {unknown}
 f - 3 potions of attraction {unknown}
 j - a potion of cancellation {unknown}


   Skills:
 + Level 3.4 Fighting
 * Level 3.1 Axes
 + Level 3.4 Dodging
 + Level 2.1 Stealth
 + Level 3.5 Shields


You had 2 spell levels left.
You knew the following spells:

 Your Spells              Type           Power        Failure   Level
a - Apportation           Tloc           #.....       83%         1

Your spell library contained the following spells:

 Spells                   Type           Power        Failure   Level
 Animate Skeleton         Necr           #.....       83%         1
 Corona                   Hex            #......      83%         1
 Summon Small Mammal      Summ           #...         83%         1


Dungeon Overview and Level Annotations

Branches:
Dungeon (4/15)
 Temple: D:4-7

Altars:
Makhleb
Okawaru
Sif Muna
Trog
Uskayaw
Xom
Yredelemnul


Innate Abilities, Weirdness & Mutations

You cannot wear most types of armour.
You are very stealthy in the water. (Stealth+)
You are amphibious.
You can wear up to eight rings at the same time.
You can use your tentacles to constrict eight enemies at once.
Your skin changes colour to match your surroundings (Stealth+).
Your rubbery body absorbs attacks. (AC +1, EV +1)


Message History

You barely miss the ogre. You constrict the adder.
You kill the adder!
The ogre closely misses you.
You slash the ogre! You squeeze the ogre!
The ogre is heavily wounded.
You block the ogre's attack.
You hit the ogre but do no damage.
The ogre is heavily wounded.
The ogre hits you with a +0 giant club!!
Ouch! That really hurt!
* * * LOW HITPOINT WARNING * * *
You are too injured to fight recklessly!
You are too injured to fight recklessly!
You are too injured to fight recklessly!
You are too injured to fight recklessly!
You are too injured to fight recklessly!
You feel very mighty all of a sudden.
The ogre hits you with a +0 giant club!!
Ouch! That really hurt!
You die...

#.###...#.##...........#
#.#######.##.....######.# ....#
#.<......# ..#.# ######.###
..#.# #.# ..#.# #.# ....# ##'##
.#..# ##...## ....## #....@#
##.#.## #....O†.# #.
#....####.........###. #.#####
##.......+.........'...###...(.
......####.........###........#
##.#..# ##.......## #.......#
...##.# ##.....## #.......#
....#.# ##...## #.......#
....#.# #+ #.......#


You could see an ogre.

Vanquished Creatures
  3 adders
  An ooze (D:3)
  2 worms (D:3)
  2 dart slugs
  A ball python (D:3)
  6 giant cockroaches
  8 goblins
  5 hobgoblins
  2 jackals (D:1)
  2 quokkas (D:3)
  9 bats
  2 frilled lizards
  8 kobolds
  5 rats (D:1)
56 creatures vanquished.

Notes
Turn   | Place    | Note
-------+----------+-------------------------------------------
     0 | D:1      | Ijustatesigmund the Octopode Fighter began the quest for
                  | the Orb.
     0 | D:1      | Reached XP level 1. HP: 16/16 MP: 1/1
     7 | D:1      | Noticed a yaktaur
     7 | D:1      | Noticed a worker ant
     7 | D:1      | Noticed a tyrant leech
     7 | D:1      | Noticed a basilisk
   261 | D:1      | Reached XP level 2. HP: 21/21 MP: 2/2
   295 | D:1      | Reached skill level 1 in Stealth
   583 | D:1      | Reached XP level 3. HP: 26/26 MP: 3/3
  1316 | D:2      | You fall into a shaft and drop 2 floors!
  1444 | D:2      | Found an iron altar of Okawaru.
  1764 | D:2      | Learned a level 1 spell: Apportation
  1884 | D:3      | Reached XP level 4. HP: 17/31 MP: 4/4
  2632 | D:3      | Found a basalt altar of Yredelemnul.
  2634 | D:3      | Found a shimmering blue altar of Sif Muna.
  2634 | D:3      | Found a shimmering altar of Xom.
  2636 | D:3      | Found a burning altar of Makhleb.
  2636 | D:3      | Found a hide-covered altar of Uskayaw.
  2636 | D:3      | Found a bloodstained altar of Trog.
  2839 | D:4      | Noticed an ogre
  2846 | D:4      | Annihilated by an ogre

Illustrated notes

Levels and vault maps discovered:
D:1:      onia_arrival_zoo_common, layout_basic
D:2:      layout_rooms, kennysheep_okawaru_gauntlet
D:3:      layout_basic, doesnt_xom_only_xom
D:4:      layout_loops_corners

Skill      XL: |  1  2  3  4 |
---------------+-------------+-----
Stealth        | 1 2 |  2.1
Axes           | 3 |  3.1
Fighting       | |  3.4
Dodging        | |  3.4
Shields        | |  3.5

Action                   |  1- 3 |  4- 6 || total
-------------------------+-------+-------++-------
Melee: War axe           |    63 |    31 ||    94
       Constrict         |    22 |     8 ||    30
       Tentacles         |    11 |     5 ||    16
  Use: Scroll            |     7 |     2 ||     9
       Potion            |       |     2 ||     2
 Stab: Sleeping          |     9 |     1 ||    10
       Distracted        |       |     1 ||     1
Armor: Skin              |     4 |       ||     4
Dodge: Dodged            |    24 |    16 ||    40
Block: Kite shield       |    27 |    13 ||    40

Table legend: (Time is in decaauts)
 A = Elapsed time spent in this place.
 B = Non-inter-level travel time spent in this place.
 C = Inter-level travel time spent in this place.
 D = Time resting spent in this place.
 E = Time spent auto-exploring this place.
 F = Levels seen in this place.
 G = Mean time per level.
                   A        B        C        D        E       F      G
               +--------+--------+--------+--------+--------+-----+--------+
         Total |   2887 |   2816 |     71 |    313 |   2098 |   4 |  721.8 |
       Dungeon |   2887 |   2816 |     71 |    313 |   2098 |   4 |  721.8 |
               +--------+--------+--------+--------+--------+-----+--------+

Top non-repeatable levels by time:
     D:1: 1155 daAuts
     D:3: 1062 daAuts
     D:2: 574 daAuts
     D:4: 94 daAuts
